 Dungeon Crawl Stone Soup version 0.30.2 (webtiles) character file.

Game seed: 9846351901972590048

1537 porpoise the Skirmisher (level 9, -4/63 (69) HPs)
             Began as a Human Hunter on Mar 9, 2024.
             Was an Initiate of Hepliaklqana.
             Slain by a wight
             ... wielding a +4 flail
              (7 damage)
             ... on level 7 of the Dungeon.
             The game lasted 00:16:12 (6440 turns).

porpoise the Skirmisher (Human Hunter)              Turns: 6440, Time: 00:16:12

HP:   -4/63 (69)    AC:  7    Str: 12    XL:     9   Next: 11%
MP:   9/9           EV: 12    Int:  8    God:    Hepliaklqana [......]
Gold: 289           SH:  0    Dex: 20    Spells: 8/8 levels left

rFire   + . .        a - +1 shortbow
rCold   . . .        (shield currently unavailable)
rNeg    . . .        w - +2 leather armour {rF+}
rPois   .            (no helmet)
rElec   .            (no cloak)
rCorr   .            (no gloves)
SInv    +            l - +1 pair of boots
Will    .....        (no amulet)
Stlth   +++          (no ring)
HPRegen 0.30/turn    (no ring)
MPRegen 0.11/turn

%: no passive effects
@: drained
A: claws 1, see invisible, dopey 1, subdued magic 1
a: Renounce Religion


You were on level 7 of the Dungeon.
You worshipped Hepliaklqana.
Hepliaklqana was noncommittal.
You visited 2 branches of the dungeon, and saw 8 of its levels.

You collected 289 gold pieces.

Inventory:

Hand Weapons
 a - a +1 shortbow (weapon)
 b - a +0 short sword of venom
Missiles
 d - 12 poisoned darts
 f - 3 boomerangs
 m - a throwing net
 x - 6 curare-tipped darts
Armour
 l - a +1 pair of boots (worn)
 w - a +2 leather armour of fire resistance (worn)
Jewellery
 c - a +6 ring of strength
Wands
 e - a wand of flame (7)
 n - a wand of acid (11)
 s - a wand of polymorph (7)
Scrolls
 g - 2 scrolls of enchant weapon
 h - a scroll of amnesia {unknown}
 o - 2 scrolls of immolation
 p - 2 scrolls of fear {unknown}
 q - 3 scrolls of fog {unknown}
 t - a scroll of silence {unknown}
 y - a scroll of torment {unknown}
Potions
 i - 3 potions of attraction
 j - 2 potions of invisibility
 k - a potion of flight {unknown}
 r - a potion of haste {unknown}
 u - a potion of brilliance {unknown}
 v - a potion of might {unknown}


   Skills:
 + Level 5.9 Fighting
 * Level 9.0 Ranged Weapons
 - Level 2.0 Dodging
 - Level 5.0 Stealth


You had 8 spell levels left.
You didn't know any spells.
Your spell library contained the following spells:

 Spells                   Type           Power      Damage    Failure   Level
 Beastly Appendage        Tmut           0%         N/A       45%         1
 Wereblood                Tmut           0%         N/A       58%         2
 Call Canine Familiar     Summ           0%         N/A       83%         3
 Portal Projectile        Hex/Tloc       0%         N/A       83%         3
 Spider Form              Tmut/Pois      0%         N/A       83%         3
 Leda's Liquefaction      Hex/Erth       0%         N/A       99%         4


Dungeon Overview and Level Annotations

Branches:
Dungeon (7/15)             Temple (1/1) D:6

Altars:
Dithmenos
Elyvilon
Fedhas
Gozag
Hepliaklqana
Kikubaaqudgha
Nemelex Xobeh
Qazlal
Sif Muna
Vehumet
Xom
Yredelemnul
Zin
The Shining One

Annotations:
D:3 exclusion: downstairs


Innate Abilities, Weirdness & Mutations

You have sharp fingernails.
You have supernaturally acute eyesight. (SInv)
You are dopey. (Int -2)
Your spells are a little easier to cast, but a little less powerful.


Message History

Unknown command.
Fire: a) +1 shortbow
Press: ? - help, Q - select action, (/) - cycle Shift-Dir - straight line, f/p - wight
Aim: a wight, wielding a +2 hand axe and wearing a +0 robe (69% to hit)
You shoot an arrow. The arrow hits the wight.
The wight is lightly damaged.
The wight barely misses you.
You shoot an arrow. The arrow barely misses the wight.
The arrow hits the wight!
The wight is heavily damaged.
The wight barely misses you.
You shoot an arrow. The arrow hits the wight.
The wight is heavily damaged.
The wight hits you with a +2 hand axe.
You feel drained.
You shoot an arrow. The arrow barely misses the wight.
The arrow closely misses the wight.
The wight hits you with a +2 hand axe.
You feel drained.
You shoot an arrow. The arrow hits the wight.
The wight is heavily damaged.
The wight hits you with a +2 hand axe!
You feel drained.
* * * LOW HITPOINT WARNING * * *
The wight hits you with a +2 hand axe!
* * * LOW HITPOINT WARNING * * *
You shoot an arrow. The arrow hits the wight!
You destroy the wight!
Your Ranged Weapons skill increases to level 9!
You shoot an arrow. The arrow hits the wight.
The wight is almost destroyed.
The wight hits you with a +4 flail!
* * * LOW HITPOINT WARNING * * *
You feel drained.
You shoot an arrow.
The arrow hits the wight but does no damage.
The wight is almost destroyed.
The wight closely misses you.
You shoot an arrow.
The arrow hits the wight but does no damage.
The wight is almost destroyed.
The wight hits you with a +4 flail!
You die...

.## #..## ##...##.........
.## #..# ###............
..#####.### ##...........
#.........########........#
##.....................)z#
#######....##.......##.##
.#########.### .# #. ##z##
.# ## #@## # ###


You could see a wight.

Vanquished Creatures
  Sigmund (D:5)
  2 black bears (D:6)
  An ogre (D:6)
  2 centaurs
  A kobold brigand (D:6)
  2 scorpions (D:5)
  A bullfrog (D:6)
  3 wights (D:7)
  4 hounds
  A jelly (D:5)
  2 orc priests
  3 iguanas
  6 gnolls
  6 adders
  A white imp (D:6)
  4 worms
  31 orcs
  3 endoplasms
  4 giant cockroaches
  16 goblins
  10 hobgoblins
  3 jackals (D:3)
  13 kobolds
  6 quokkas
  9 ball pythons
  5 bats
  4 frilled lizards
  3 rats
147 creatures vanquished.

Notes
Turn   | Place    | Note
-------+----------+-------------------------------------------
     0 | D:1      | porpoise the Human Hunter began the quest for the Orb.
     0 | D:1      | Reached XP level 1. HP: 16/16 MP: 1/1
   222 | D:1      | Reached XP level 2. HP: 14/22 MP: 2/2
   557 | D:1      | Reached XP level 3. HP: 27/27 MP: 3/3
   948 | D:1      | Found a faded altar of an unknown god.
  1349 | D:2      | Reached XP level 4. HP: 34/34 MP: 4/4
  1508 | D:2      | Reached skill level 5 in Ranged Weapons
  1910 | D:3      | Reached XP level 5. HP: 40/40 MP: 5/5
  2634 | D:4      | Noticed a centaur
  2758 | D:4      | Reached XP level 6. HP: 47/47 MP: 6/6
  2965 | D:4      | Reached skill level 6 in Ranged Weapons
  3021 | D:4      | Found a shadowy altar of Dithmenos.
  3089 | D:4      | HP: 2/47 [centaur (6)]
  3100 | D:4      | Reached XP level 7. HP: 11/53 MP: 7/7
  3292 | D:4      | Found an ancient bone altar of Kikubaaqudgha.
  3300 | D:4      | Found a white marble altar of Elyvilon.
  3305 | D:4      | Found a sparkling altar of Nemelex Xobeh.
  3460 | D:5      | Entered Level 5 of the Dungeon
  3956 | D:5      | Noticed Sigmund
  3987 | D:5      | Killed Sigmund
  3988 | D:5      | Reached skill level 7 in Ranged Weapons
  3988 | D:5      | Reached XP level 8. HP: 4/61 MP: 8/8
  5120 | D:6      | Gained mutation: Your flesh is cold resistant. (rC+)
                  | [potion of mutation]
  5120 | D:6      | Gained mutation: You do not regenerate when monsters are
                  | visible. [potion of mutation]
  5121 | D:6      | Lost mutation: You do not regenerate when monsters are
                  | visible. [potion of mutation]
  5121 | D:6      | Lost mutation: Your flesh is cold resistant. (rC+) [potion
                  | of mutation]
  5121 | D:6      | Gained mutation: A frigid envelope surrounds you and
                  | freezes all who hurt you. [potion of mutation]
  5122 | D:6      | Lost mutation: A frigid envelope surrounds you and freezes
                  | all who hurt you. [potion of mutation]
  5122 | D:6      | Gained mutation: Your flesh is cold resistant. (rC+)
                  | [potion of mutation]
  5122 | D:6      | Gained mutation: You are strong-willed. (Will+) [potion of
                  | mutation]
  5122 | D:6      | Gained mutation: You have large cloven feet. [potion of
                  | mutation]
  5238 | D:6      | Lost mutation: Your flesh is cold resistant. (rC+) [potion
                  | of mutation]
  5238 | D:6      | Lost mutation: You are strong-willed. (Will+) [potion of
                  | mutation]
  5238 | D:6      | Lost mutation: You have large cloven feet. [potion of
                  | mutation]
  5238 | D:6      | Gained mutation: You have sharp fingernails. [potion of
                  | mutation]
  5238 | D:6      | Gained mutation: Your spells are a little easier to cast,
                  | but a little less powerful. [potion of mutation]
  5238 | D:6      | Gained mutation: You are dopey. (Int -2) [potion of
                  | mutation]
  5238 | D:6      | Gained mutation: You have supernaturally acute eyesight.
                  | (SInv) [potion of mutation]
  5345 | D:6      | Reached skill level 5 in Stealth
  5538 | D:6      | Reached skill level 5 in Fighting
  5652 | D:6      | Found a staircase to the Ecumenical Temple.
  5670 | D:6      | Reached skill level 8 in Ranged Weapons
  5687 | Temple   | Entered the Ecumenical Temple
  5750 | Temple   | Became a worshipper of Hepliaklqana the Forgotten
  6136 | D:6      | Reached XP level 9. HP: 46/68 MP: 9/9
  6438 | D:7      | Reached skill level 9 in Ranged Weapons
  6438 | D:7      | HP: 2/65 [wight/+4 flail (7)]
  6440 | D:7      | Slain by a wight

Illustrated notes

Levels and vault maps discovered:
D:1:      spicycebolla_arrival_transporter_tutorial, layout_rooms,
          dilly_ecumenical_altar_fadedgnrine, serial_co_window_serial,
          co_window_paths_a, co_window_corner_a, co_window_paths_a,
          co_window_paths_b, co_window_paths_a, co_window_paths_a,
          co_window_paths_a, co_window_unsneaky_path_a, co_window_broadway_c,
          co_window_unsneaky_path_b, co_window_corner_b, co_window_cross_3,
          co_window_paths_d, co_window_4corner_a, glass_columns_a,
          glass_columns_b, glass_columns_a, glass_columns_a, glass_columns_b,
          hangedman_abyss_or_decor_stabs, kennysheep_another_room,
          chequers_mini_garden
D:2:      layout_basic
D:3:      layout_basic, minmay_misc_feat_alley
D:4:      layout_cave_pools, grunt_dithmenos_smoke_and_mirrors,
          minmay_overflow_temple_star_quad
D:5:      layout_rooms, hex_tiny, sigmund_army
D:6:      layout_loops_corners, minmay_temple_entry_arrows
D:7:      layout_layer_cave, kennysheep_pointless_box,
          kennysheep_generic_room_8, uniq_menkaure
Temple:   eino_wide_crystal_templ

Skill      XL: |  1  2  3  4  5  6  7  8  9 |
---------------+----------------------------+-----
Stealth        | 2 3 4 5 |  5.0
Ranged Weapons | 5 6 7 8 9 |  9.0
Fighting       | 3 4 5 |  5.9
Dodging        | |  2.0

Action                     |  1- 3 |  4- 6 |  7- 9 || total
---------------------------+-------+-------+-------++-------
   Fire: Shortbow          |    72 |   204 |   247 ||   523
  Evoke: Wand              |       |       |     2 ||     2
    Use: Scroll            |     2 |     1 |     4 ||     7
         Potion            |       |     3 |     4 ||     7
 Armour: Leather armour    |     9 |    28 |    36 ||    73
  Dodge: Dodged            |    19 |    76 |   116 ||   211
